 Dungeon Crawl Stone Soup version 0.24.0-1-gfbc8707122 (webtiles) character file.

Game seed: 1059726844730452959, levelgen mode: deterministic

15089 theanonym the Fighter (level 11, -7/91 HPs)
             Began as a Mummy Arcane Marksman on Oct 27, 2019.
             Was an Elder of Okawaru.
             Killed from afar by an ogre mage (24 damage)
             ... with a crystal spear
             ... on level 2 of the Orcish Mines.
             The game lasted 00:39:20 (16983 turns).

theanonym the Fighter (Mummy Arcane Marksman)      Turns: 16983, Time: 00:39:20

Health: -7/91      AC: 26    Str: 16    XL:     11   Next: 97%
Magic:  12/15      EV:  8    Int: 14    God:    Okawaru [****..]
Gold:   599        SH:  0    Dex: 12    Spells: 9/12 levels left

rFire    + . .     SeeInvis .   a - +0 shortbow (elec)
rCold    + . .     Gourm    .   (shield currently unavailable)
rNeg     + + +     Faith    .   m - +1 plate armour {rC+}
rPois    ∞         Spirit   .   i - +1 helmet
rElec    .         Reflect  .   e - +2 cloak
rCorr    .         Harm     .   s - +2 pair of gloves
MR       +....                  (no boots)
Stlth    ..........             l - amulet of the acrobat
HPRegen  0.25/turn              c - ring of protection from fire
MPRegen  0.14/turn              k - ring of fire

@: heroism
A: no food or potions, fire vulnerability, cold resistance 1, negative energy
resistance 3, torment resistance, unbreathing
a: Heroism, Renounce Religion


Innate Abilities, Weirdness & Mutations

You do not eat or drink.
Your flesh is vulnerable to fire.
You are immune to poison.
Your flesh is cold resistant. (rC+)
You are immune to negative energy. (rN+++)
You are immune to unholy pain and torment.
You can survive without breathing.


   Skills:
 + Level 10.2(15.2) Fighting
 - Level 10.0(15.0) Bows
 + Level 8.5(13.5) Armour
 - Level 1.5(6.5) Dodging
 - Level 1.3 Spellcasting
 - Level 2.6 Hexes
 + Level 6.0 Invocations


You had 9 spell levels left.
You knew the following spells:

 Your Spells              Type           Power        Failure   Level  Hunger
a - Portal Projectile     Hex/Tloc       #.....       100%        3    N/A

Your spell library contained the following spells:

 Spells                   Type           Power        Failure   Level  Hunger
 Corona                   Hex            #......      88%         1    N/A
 Slow                     Hex            #.......     95%         2    N/A
 Inner Flame              Hex/Fire       #.......     100%        3    N/A
 Cause Fear               Hex            #.........   100%        4    N/A
 Leda's Liquefaction      Hex/Erth       #.........   100%        4    N/A

Skill      XL: |  1  2  3  4  5  6  7  8  9 10 11 |
---------------+----------------------------------+-----
Bows           | 2 3 4 5 6 8 9 10 | 10.0
Invocations    | 3 5 6 |  6.0
Armour         | 3 6 8 |  8.5
Fighting       | 4 7 10 | 10.2
Dodging        | |  1.5
Spellcasting   | |  1.3
Hexes          | |  2.6

Action                   |  1- 3 |  4- 6 |  7- 9 | 10-12 || total
-------------------------+-------+-------+-------+-------++-------
Melee: Dagger            |    62 |    92 |   339 |   454 ||   947
       Hand axe          |    65 |    16 |       |       ||    81
       Punch             |       |       |       |     2 ||     2
 Fire: Shortbow          |    16 |    40 |   171 |   372 ||   599
Throw: Throwing net      |       |       |     4 |       ||     4
Invok: Heroism           |       |       |     3 |    18 ||    21
Evoke: Wand              |       |     9 |    21 |    14 ||    44
  Use: Scroll            |     1 |     6 |     4 |     8 ||    19
 Stab: Held in net/web   |       |       |     2 |       ||     2
Armor: Robe              |    24 |       |       |       ||    24
       Scale mail        |    16 |       |       |       ||    16
       Ring mail         |     1 |       |       |       ||     1
       Chain mail        |    23 |    84 |   289 |       ||   396
       Plate armour      |       |       |     2 |   506 ||   508
Dodge: Dodged            |   106 |    66 |   174 |   275 ||   621

Inventory:

Hand Weapons
 a - a +0 shortbow of electrocution (weapon)
 b - a +2 dagger of electrocution
Missiles
 d - 135 arrows (quivered)
 p - 29 boomerangs
Armour
 e - a +2 cloak (worn)
 i - a +1 helmet (worn)
 m - a +1 plate armour of cold resistance (worn)
 s - a +2 pair of gloves (worn)
Jewellery
 c - a ring of protection from fire (left hand)
 h - an uncursed ring of resist corrosion
 k - a ring of fire (right hand)
 l - an amulet of the acrobat (around neck)
 n - an uncursed ring of protection from cold
Wands
 v - a wand of acid (1)
 w - a wand of flame (11)
Scrolls
 o - a scroll of enchant weapon
 q - a scroll of amnesia
 r - 8 scrolls of identify
 y - a scroll of magic mapping
 B - 2 scrolls of blinking


You were on level 2 of the Orcish Mines.
You worshipped Okawaru.
Okawaru was greatly pleased with you.
You were not hungry.

You visited 4 branches of the dungeon, and saw 14 of its levels.

You collected 874 gold pieces.
You spent 275 gold pieces at shops.

Dungeon Overview and Level Annotations

Branches:
Dungeon (10/15)            Temple (1/1) D:5            Lair (1/6) D:8
    Orc (2/2) D:10            Elf (0/3) Orc:2

Altars:
Ashenzari
Cheibriados
Dithmenos
Fedhas
Gozag
Hepliaklqana
Okawaru
Qazlal
Sif Muna
Vehumet
Wu Jian
Xom
Zin
Beogh

Shops:
D:5 *   D:8 [   D:10 !

Annotations:
Lair:1 1 runed translucent door, Gastronok #########..###..#...........#.... .......##O..#........#........... ...O.OO.##O##.....#.##....#...... #..###(..#)#...#.######.......... ... ##((((......## #.......... .O. #...(.......# ........... .OO #...(O..##..## #........ .OO

#.......#O...# .........
..O #.........@..#
......... .O.
#..#(...................#..
#..##........#..#..........
#...........#........##....
............. .... #....
................. ##...
.....ooo... ##. #....
............ #.... #....


You could see an ogre mage, an orc warrior, an ogre and 2 orcs.

Notes
Turn   | Place    | Note
-------+----------+-------------------------------------------
     0 | D:1      | theanonym the Mummy Arcane Marksman began the quest for the
                  | Orb.
     0 | D:1      | Reached XP level 1. HP: 15/15 MP: 2/2
   164 | D:1      | Reached skill level 2 in Bows
   267 | D:1      | HP: 7/15 [kobold/+0 dagger (2)]
   455 | D:1      | Reached XP level 2. HP: 21/21 MP: 4/4
   894 | D:1      | Reached XP level 3. HP: 25/26 MP: 5/5
   978 | D:1      | Reached skill level 3 in Bows
  1456 | D:2      | HP: 10/26 [worm (4)]
  1884 | D:2      | Reached XP level 4. HP: 32/32 MP: 6/6
  1904 | D:2      | Reached skill level 4 in Bows
  2657 | D:3      | Reached XP level 5. HP: 37/37 MP: 7/7
  3137 | D:4      | Reached skill level 5 in Bows
  3218 | D:4      | Noticed Grinder
  3229 | D:4      | Paralysed by Grinder for 3 turns
  3235 | D:4      | Killed Grinder
  3235 | D:4      | Reached XP level 6. HP: 43/43 MP: 8/8
  3374 | D:4      | Reached skill level 6 in Bows
  3524 | D:4      | Reached XP level 7. HP: 48/48 MP: 9/9
  3775 | D:5      | Entered Level 5 of the Dungeon
  3916 | D:4      | Reached skill level 7 in Bows
  4035 | D:5      | You fall into a shaft and drop 1 floor!
  4145 | D:6      | Noticed Eustachio
  4185 | D:6      | Killed Eustachio
  4355 | D:5      | Found Wyss's Serpentskin Sales.
  4364 | D:5      | Reached skill level 8 in Bows
  4364 | D:5      | Reached XP level 8. HP: 49/54 MP: 10/10
  4679 | D:4      | HP: 27/54 [orc warrior/+0 dire flail (22)]
  4726 | D:4      | HP: 25/54 [orc warrior/+0 dire flail (11)]
  5266 | D:5      | HP: 20/54 [orc warrior/+0 dire flail (10)]
  5290 | D:5      | HP: 10/54 [orc warrior/+0 dire flail (14)]
  5626 | D:5      | Found a staircase to the Ecumenical Temple.
  5632 | Temple   | Entered the Ecumenical Temple
  5653 | Temple   | Became a worshipper of Warmaster Okawaru
  5891 | D:6      | Noticed Edmund
  5921 | D:6      | Killed Edmund
  5921 | D:6      | Reached skill level 1 in Invocations
  6237 | D:6      | Reached skill level 2 in Invocations
  6253 | D:6      | Reached skill level 9 in Bows
  6423 | D:6      | Noticed Prince Ribbit
  6576 | D:6      | Killed Prince Ribbit
  6576 | D:6      | Reached skill level 3 in Invocations
  6718 | D:6      | Reached * piety under Okawaru
  6859 | D:7      | HP: 27/54 [hornet zombie (4)]
  6869 | D:7      | Reached XP level 9. HP: 22/59 MP: 11/11
  7105 | D:7      | Reached skill level 4 in Invocations
  7273 | D:7      | HP: 29/59 [orc/+0 trident (3)]
  7606 | D:8      | Found Ysoun's Antique Armour Emporium.
  7625 | D:8      | Bought a pair of glowing gloves for 172 gold pieces
  7625 | D:8      | Bought a cloak for 103 gold pieces
  7860 | D:8      | Reached skill level 1 in Armour
  7979 | D:8      | Reached ** piety under Okawaru
  8060 | D:8      | Reached skill level 2 in Fighting
  8077 | D:8      | HP: 29/62 [wolf (3)]
  8081 | D:8      | Reached skill level 5 in Invocations
  8082 | D:8      | HP: 19/62 [wolf (2)]
  8083 | D:8      | Reached skill level 2 in Armour
  8092 | D:8      | HP: 12/62 [crocodile (9)]
  8093 | D:8      | Reached skill level 3 in Fighting
  8099 | D:8      | HP: 12/63 [black bear (1)]
  8104 | D:8      | Reached skill level 10 in Bows
  8413 | D:8      | Reached skill level 3 in Armour
  8441 | D:8      | Reached *** piety under Okawaru
  8441 | D:8      | Reached skill level 4 in Fighting
  8459 | D:8      | Found an opulent altar of Gozag.
  8523 | D:8      | Found a staircase to the Lair.
  9115 | D:9      | Reached XP level 10. HP: 71/73 MP: 13/13
  9821 | D:9      | Reached skill level 5 in Fighting
  9821 | D:9      | Reached skill level 4 in Armour
 10594 | D:9      | Reached skill level 6 in Fighting
 10649 | D:9      | Reached **** piety under Okawaru
 10649 | D:9      | Reached skill level 5 in Armour
 10778 | D:10     | Entered Level 10 of the Dungeon
 10837 | D:10     | Received a gift from Okawaru
 10867 | D:10     | Found a staircase to the Orcish Mines.
 11064 | D:10     | HP: 35/77 [orc warrior/+0 scimitar (18)]
 11077 | D:10     | HP: 22/77 [orc priest/divine providence (16)]
 11083 | D:10     | Found Kugiluhash's Distillery.
 11382 | D:9      | HP: 38/77 [hippogriff (4)]
 11890 | D:10     | Reached skill level 7 in Fighting
 11921 | D:10     | Received a gift from Okawaru
 12049 | D:10     | Reached skill level 6 in Armour
 12082 | D:10     | HP: 28/79 [acid (15)]
 12643 | Orc:1    | Entered Level 1 of the Orcish Mines
 12778 | Orc:1    | HP: 39/79 [orc warrior/+0 glaive (3)]
 12969 | Orc:1    | HP: 39/79 [orc warrior/+0 glaive (8)]
 13195 | Orc:1    | Received a gift from Okawaru
 13357 | Orc:1    | Found a roughly hewn altar of Beogh.
 13427 | Orc:1    | Learned a level 3 spell: Portal Projectile
 13458 | Orc:1    | Reached XP level 11. HP: 45/86 MP: 11/14
 13486 | Orc:1    | Noticed an orc high priest
 13497 | Orc:1    | Noticed an orc sorcerer
 13512 | D:10     | Noticed a sixfirhy
 13513 | D:10     | HP: 34/86 [sixfirhy[an orc high priest] (12)]
 13514 | D:10     | Killed an orc high priest
 13514 | D:10     | Reached skill level 8 in Fighting
 13816 | D:10     | HP: 43/86 [orc warrior/+0 war axe[an orc high priest] (11)]
 13817 | D:10     | Received a gift from Okawaru
 14012 | Orc:1    | Killed an orc sorcerer
 14188 | Orc:2    | Entered Level 2 of the Orcish Mines
 14192 | Orc:2    | Found a staircase to the Elven Halls.
 14321 | Orc:2    | Noticed an orc knight
 14331 | Orc:2    | HP: 43/87 [orc warrior/+0 halberd (3)]
 14337 | Orc:1    | HP: 24/87 [orc/cursed -1 club (3)]
 14342 | Orc:1    | HP: 24/87 [orc/+0 whip (1)]
 14632 | Orc:2    | Noticed a two-headed ogre
 14734 | Lair:1   | Entered Level 1 of the Lair of Beasts
 14744 | Lair:1   | Reached skill level 7 in Armour
 14787 | D:8      | Received a gift from Okawaru
 14965 | Lair:1   | Noticed a seven-headed hydra
 14979 | Lair:1   | Killed a seven-headed hydra
 14979 | Lair:1   | Reached skill level 9 in Fighting
 15336 | Lair:1   | Found a runed translucent door.
 15339 | Lair:1   | Noticed Gastronok
 15426 | Lair:1   | HP: 24/89 [Gastronok/the air (34)]
 15985 | Orc:2    | Killed a two-headed ogre
 16012 | Orc:2    | Reached skill level 8 in Armour
 16031 | Orc:2    | HP: 37/89 [troll (9)]
 16299 | Orc:2    | HP: 39/90 [orc warrior/+0 halberd (17)]
 16530 | Orc:2    | HP: 41/90 [troll (5)]
 16927 | Orc:2    | Noticed a two-headed ogre
 16927 | Orc:2    | Noticed a two-headed ogre
 16927 | Orc:2    | Noticed a two-headed ogre
 16928 | Orc:2    | Noticed a two-headed ogre
 16947 | Orc:2    | Killed a two-headed ogre
 16952 | Orc:2    | Killed a two-headed ogre
 16952 | Orc:2    | Reached skill level 10 in Fighting
 16952 | Orc:2    | Noticed an ogre mage
 16962 | Orc:2    | Killed a two-headed ogre
 16965 | Orc:2    | HP: 42/91 [ogre/+0 giant club (16)]
 16966 | Orc:2    | Noticed a two-headed ogre
 16968 | Orc:2    | Reached skill level 6 in Invocations
 16973 | Orc:2    | HP: 40/91 [ogre mage/+0 spear (4)]
 16977 | Orc:2    | Noticed an ogre mage
 16979 | Orc:2    | HP: 24/91 [two-headed ogre/+0 giant spiked club (7)]
 16983 | Orc:2    | Killed from afar by an ogre mage

Vanquished Creatures
  A hydra (Lair:1)
  4 two-headed ogres (Orc:2)
  An orc high priest (D:10)
  An orc sorcerer (Orc:1)
  A komodo dragon (D:8)
  5 trolls
  A hornet (D:10)
  Prince Ribbit (D:6)
  Grinder (D:4)
  4 hippogriffs
  Eustachio (D:6)
  A wyvern (D:10)
  3 yaks (D:9)
  A wraith (D:10)
  3 vampire mosquitoes
  2 insubstantial wisps (D:8)
  Edmund (D:6)
  3 water moccasins
  3 porcupines (D:8)
  An ice beast (D:10)
  3 sky beasts (D:9)
  5 black bears
  14 orc warriors
  2 hornet zombies
  3 wolves (D:8)
  3 centaurs
  7 ogres
  3 crocodiles
  10 bullfrogs
  2 scorpions
  A howler monkey (D:7)
  3 crimson imps
  A quasit (D:10)
  5 hounds
  8 orc priests
  2 bullfrog skeletons
  A jelly (D:8)
  A centaur skeleton (D:9)
  13 orc wizards
  7 worker ants
  4 iguanas
  A hound zombie (D:7)
  A hound skeleton (D:6)
  17 gnolls
  10 adders
  An adder skeleton (D:5)
  5 worms
  A dart slug (D:1)
  7 leopard geckos
  46 orcs
  3 giant cockroaches
  4 goblins
  8 hobgoblins
  5 jackals
  10 kobolds
  2 quokkas
  A ball python (D:3)
  9 bats
  3 frilled lizards
  A jackal zombie (D:7)
  A leopard gecko skeleton (D:4)
  A quokka skeleton (D:4)
  10 rats (D:1)
284 creatures vanquished.

Vanquished Creatures (collateral kills)
  An orc priest (D:5)
  2 orc wizards
  A gnoll (D:5)
  2 orcs (D:5)
6 creatures vanquished.

Vanquished Creatures (others)
  2 yaks (D:9)
  2 fungi (D:8)
  2 plants (D:8)
6 creatures vanquished.

Grand Total: 296 creatures vanquished

Table legend:
 A = Turns spent in this place as a percentage of turns spent in the entire game.
 B = Non-inter-level travel turns spent in this place as a percentage of non-inter-level travel turns spent in the entire game.
 C = Inter-level travel turns spent in this place as a percentage of turns spent in this place.
 D = Turns resting spent in this place as a percentage of non-inter-level travel turns spent in this place.
 E = Turns spent auto-exploring this place as a percentage of non-inter-level travel turns spent in this place.
 F = Non-inter-level travel turns spent in this place divided by the number of levels of this place that you've seen.
                   A       B       C       D       E      F
               +-------+-------+-------+-------+-------+----------------------
         Total | 100.0 | 100.0 |   7.0 |  44.9 |  33.0 | 1128.5
       Dungeon |  83.3 |  82.5 |   7.9 |  43.1 |  35.6 | 1303.1
        Temple |   0.2 |   0.1 |  37.8 |   0.0 |   0.0 |  23.0
          Lair |   2.9 |   3.1 |   0.2 |  42.2 |  32.2 | 490.0
  Orcish Mines |  13.6 |  14.3 |   2.5 |  56.8 |  18.1 | 1127.5
               +-------+-------+-------+-------+-------+----------------------
